 Dungeon Crawl Stone Soup version 0.18-a0-1805-g8ab820f (webtiles) character file.

76 juanjsm the Sneak (level 4, -2/21 HPs)
             Began as a Spriggan Enchanter on Apr 25, 2016.
             Killed from afar by an orc wizard (7 damage)
             ... with a magic dart
             ... on level 3 of the Dungeon.
             The game lasted 00:05:19 (1677 turns).

juanjsm the Sneak (Spriggan Enchanter)              Turns: 1677, Time: 00:05:20

Health: -2/21      AC:  3    Str:  4    XL:     4   Next: 12%
Magic:  7/10       EV: 19    Int: 17    God:
Gold:   44         SH:  0    Dex: 16    Spells: 3 memorised, 3 levels left

rFire  . . .     SeeInvis +     a - +1 dagger
rCold  . . .     Gourm    .     b - +1 robe
rNeg   . . .     Faith    .     (shield restricted)
rPois  .         Spirit   .     (helmet restricted)
rElec  .         Dismiss  .     (no cloak)
rCorr  .         Reflect  .     (gloves unavailable)
SustAt .         Harm     .     (boots unavailable)
MR     .....                    (no amulet)
Stlth  +++.......               (no ring)
                                (no ring)

@: very quick, not resistant to hostile enchantments, fairly stealthy
A: unfitting armour, see invisible, herbivore 3, speed 3, slow metabolism 2
a: no special abilities


You were on level 3 of the Dungeon.
You were not hungry.

You visited 1 branch of the dungeon, and saw 3 of its levels.

You collected 44 gold pieces.

Inventory:

Hand Weapons
 a - a +1 dagger (weapon)
Armour
 b - a +1 robe (worn)
 g - a +0 buckler
Scrolls
 f - a scroll of identify {unknown}
 h - 2 scrolls of teleportation {unknown}
 k - a scroll of fear {unknown}
 l - 2 scrolls of recharging {unknown}
 n - a scroll of enchant weapon {unknown}
Potions
 e - a potion of invisibility {unknown}
 i - 2 potions of curing {unknown}
 j - a potion of cure mutation {unknown}
 m - a potion of haste {unknown}
Books
 c - a book of Maledictions

   Spells                             Type                      Level
   a - Corona                         Hexes                        1
   b - Ensorcelled Hibernation        Hexes/Ice                    2
   c - Confuse                        Hexes                        3
   d - Tukima's Dance                 Hexes                        3
   e - Dazzling Spray                 Conjuration/Hexes            3
Comestibles
 d - a bread ration


   Skills:
 + Level 0.1 Fighting
 + Level 1.3 Short Blades
 + Level 3.6 Dodging
 + Level 5.2 Stealth
 * Level 0.7 Shields
 + Level 3.4 Spellcasting
 + Level 4.2 Hexes
 + Level 0.4 Ice Magic


You had 3 spell levels left.
You knew the following spells:

 Your Spells              Type           Power        Failure   Level  Hunger
a - Corona                Hex            ###....      2%          1    None
b - Ensorcelled Hibernat  Hex/Ice        ##....       12%         2    ##.....
c - Confuse               Hex            ###.....     10%         3    ###....


Dungeon Overview and Level Annotations

Branches:
Dungeon (3/15)

Altars:

Annotations:
D:2 Terence


Innate Abilities, Weirdness & Mutations

You are tiny and cannot use many weapons and most armour.
You have supernaturally acute eyesight.
You are a herbivore.
You cover ground extremely quickly.
You need consume almost no food.


Message History

You hit the orc priest.
The orc priest is lightly wounded.
The orc priest invokes the aid of Beogh against you.
Beogh smites you!
Ouch! That really hurt!
* * * LOW HITPOINT WARNING * * *
Casting: Ensorcelled Hibernation
Confirm with . or Enter, or press ? or * to list all spells.
Aiming: Ensorcelled Hibernation
Press: ? - help, Shift-Dir - straight line, f - orc priest
Aim: an orc priest, wielding a flail (lightly wounded, chance to defeat MR: 40%)
The orc priest looks drowsy...
You are too injured to fight recklessly!
The helpless orc priest fails to defend itself.
You impale the orc priest!!
You kill the orc priest!
You have reached level 4!
The orc wizard casts a spell at you. The magic dart hits you!
You die...

#.. #....
#... #...
###...
#....########
#....o.......
#..o.@.......
##..<........
#...........
##########..
.


You could see an orc wizard and an orc.

Vanquished Creatures
  An orc priest (D:3)
  A gnoll (D:1)
  A worm (D:2)
  A dart slug (D:1)
  2 giant geckos
  3 giant cockroaches (D:1)
  3 goblins
  3 hobgoblins
  3 bats
  2 giant newts (D:1)
  8 kobolds
  6 rats
34 creatures vanquished.

Notes
Turn   | Place    | Note
--------------------------------------------------------------
     0 | D:1      | juanjsm the Spriggan Enchanter began the quest for the Orb.
     0 | D:1      | Reached XP level 1. HP: 9/9 MP: 5/5
   162 | D:1      | Reached XP level 2. HP: 5/13 MP: 3/6
   166 | D:1      | Learned a level 2 spell: Ensorcelled Hibernation
   821 | D:1      | Reached XP level 3. HP: 12/16 MP: 5/8
   826 | D:1      | Learned a level 3 spell: Confuse
  1543 | D:2      | Noticed Terence
  1653 | D:2      | Reached skill level 5 in Stealth
  1677 | D:3      | Reached XP level 4. HP: 5/21 MP: 7/10
  1677 | D:3      | Killed from afar by an orc wizard

Vault maps used:
D:1:      nicolae_arrival_memento_mori
D:2:      uniq_terence, uniq_sigmund
D:3:      lemuel_coloured_pillars_altar, first_bread, supply_closet_lemuel

Skill      XL: |  1  2  3 |
---------------+----------+-----
Hexes          | 4 |  4.2
Spellcasting   | 3 |  3.4
Stealth        | 5 |  5.2
Fighting       | |  0.1
Short Blades   | |  1.3
Dodging        | |  3.6
Shields        | |  0.7
Ice Magic      | |  0.4

Action                   |  1- 3 |  4- 6 || total
-------------------------+-------+-------++-------
Melee: Dagger            |   115 |       ||   115
 Cast: Corona            |    12 |       ||    12
       Ensorcelled Hiber |    15 |       ||    15
 Stab: Sleeping          |    20 |       ||    20
Armor: Robe              |    14 |       ||    14
Dodge: Dodged            |    78 |       ||    78
